 Dungeon Crawl Stone Soup version 0.20.0-6-gd3061e9 (console) character file.

21 removed the Digger (level 2, 0/15 HPs)
             Began as a Vine Stalker Earth Elementalist on May 28, 2017.
             Slain by a leopard gecko (1 damage)
             ... on level 1 of the Dungeon.
             The game lasted 00:00:58 (1044 turns).

removed the Digger (VSEE)                           Turns: 1044, Time: 00:00:59

Health: 0/15       AC:  2    Str: 10    XL:     2   Next: 83%
Magic:  0/6        EV: 12    Int: 15    God:
Gold:   15         SH:  0    Dex: 14    Spells: 4/5 levels left

rFire    . . .     SeeInvis .   a - +0 spear
rCold    . . .     Gourm    .   (no shield)
rNeg     . . .     Faith    .   c - +0 robe
rPois    .         Spirit   +   (no helmet)
rElec    .         Reflect  .   (no cloak)
rCorr    .         Harm     .   (no gloves)
MR       .....                  (no boots)
Stlth    ++........             (no amulet)
Regen    0.1/turn               (no ring)
MPRegen  0.1/turn               (no ring)

@: no status effects
A: fangs 2, magic shield, antimagic bite, no potion heal 3, rot immunity
a: no special abilities


You were on level 1 of the Dungeon.
You were not hungry.

You visited 1 branch of the dungeon, and saw 1 of its levels.

You collected 15 gold pieces.

Inventory:

Hand Weapons
 a - a +0 spear (weapon)
Missiles
 b - 51 stones (quivered)
Armour
 c - a +0 robe (worn)
Scrolls
 f - a scroll of amnesia {unknown}
 g - 2 scrolls of identify {unknown}
 h - 2 scrolls of teleportation {unknown}
 i - a scroll of recharging {unknown}
Books
 e - a book of Geomancy

   Spells                             Type                      Level
   a - Sandblast                      Earth                        1
   b - Passwall                       Transmutation/Earth          2
   c - Stone Arrow                    Conjuration/Earth            3
   d - Petrify                        Transmutation/Earth          4
   e - Lee's Rapid Deconstruction     Earth                        5
Comestibles
 d - a bread ration
 j - a royal jelly


   Skills:
 + Level 2.1 Fighting
 - Level 1.5 Dodging
 - Level 2.4 Stealth
 - Level 2.1 Spellcasting
   Level 1.0 Transmutations
 - Level 3.0 Earth Magic


You had 4 spell levels left.
You knew the following spells:

 Your Spells              Type           Power        Failure   Level  Hunger
a - Sandblast             Erth           ##....       6%          1    #......


Dungeon Overview and Level Annotations

Branches:
Dungeon (1/15)

Altars:


Innate Abilities, Weirdness & Mutations

You have extremely sharp teeth.
When hurt, damage is shared between your health and your magic reserves.
Your bite disrupts and absorbs the magic of your enemies.
Potions cannot restore your health.
You are immune to rotting.


Message History

You kill the ooze!
Your Fighting skill increases to level 2!
The leopard gecko bites you.
* * * LOW HITPOINT WARNING * * *
You are too injured to fight recklessly!
The leopard gecko bites you.
* * * LOW HITPOINT WARNING * * *
The leopard gecko completely misses you.
You are too injured to fight recklessly!
You hit the leopard gecko.
The leopard gecko is heavily wounded.
The leopard gecko bites you.
* * * LOW HITPOINT WARNING * * *
You closely miss the leopard gecko.
The leopard gecko is heavily wounded.
The leopard gecko misses you.
You completely miss the leopard gecko.
The leopard gecko is heavily wounded.
The leopard gecko misses you. The leopard gecko bites you.
You die...

....# ###.##### ........#
........#
........############
...................#
...................#
.##'##.............+
.##.##.........l@..#
.##.##.............#
.##.##...).........#
)##.#.......#####.####.#
.##.#.#####............#
.##.#.###########.######
.##.#....................
.##.#############.#######
.##.# #.#


You could see a leopard gecko.

Vanquished Creatures
  An ooze (D:1)
  A leopard gecko (D:1)
  A giant cockroach (D:1)
  3 goblins (D:1)
  2 hobgoblins (D:1)
  2 bats (D:1)
  A frilled lizard (D:1)
  A kobold (D:1)
  4 rats (D:1)
16 creatures vanquished.

Notes
Turn   | Place    | Note
-------+----------+-------------------------------------------
     0 | D:1      | removed the Vine Stalker Earth Elementalist began the quest for the Orb.
     0 | D:1      | Reached XP level 1. HP: 9/9 MP: 4/4
   107 | D:1      | Reached skill level 1 in Fighting
   371 | D:1      | Reached XP level 2. HP: 7/14 MP: 6/6
  1044 | D:1      | Slain by a leopard gecko

Skill      XL: |  1  2 |
---------------+-------+-----
Fighting       | 1 2 |  2.1
Dodging        | |  1.5
Stealth        | |  2.4
Spellcasting   | |  2.1
Transmutations | |  1.0
Earth Magic    | |  3.0

Action                   || total
-------------------------++-------
Melee: Unarmed           ||    15
       Spear             ||    46
       Bite              ||     8
 Stab: Sleeping          ||     6
Armor: Robe              ||     9
Dodge: Dodged            ||    35
